 Dungeon Crawl Stone Soup version 0.30-a0-782-ge64f9170bb (webtiles) character file.

Game seed: 9313584295840912273

39 Zonian the Sneak (level 3, -1/18 HPs)
             Began as a Vine Stalker Brigand on Feb 19, 2023.
             Slain by a goblin
             ... wielding a +0 club
             ... led by Robin
              (2 damage)
             ... on level 2 of the Dungeon.
             The game lasted 00:01:49 (1444 turns).

Zonian the Sneak (Vine Stalker Brigand)             Turns: 1444, Time: 00:01:49

Health: -1/18      AC:  3    Str: 13    XL:     3   Next: 45%
Magic:  0/4        EV: 12    Int: 11    God:
Gold:   136        SH:  0    Dex: 17    Spells: 2/2 levels left

rFire   . . .      SeeInvis .    a - +2 dagger
rCold   . . .      Faith    .    (no shield)
rNeg    + . .      Spirit   +    b - +0 robe
rPois   .          Reflect  .    (no helmet)
rElec   .          Harm     .    c - +0 cloak
rCorr   .          Rampage  .    (no gloves)
Will    .....                    (no boots)
Stlth   +++                      (no amulet)
HPRegen 0.23/turn                i - ring of positive energy
MPRegen 0.09/turn                (no ring)

@: no status effects
A: fangs 2, magic shield, antimagic bite, no potion heal 2
a: no special abilities


You were on level 2 of the Dungeon.
You visited 1 branch of the dungeon, and saw 2 of its levels.

You collected 136 gold pieces.

Inventory:

Hand Weapons
 a - a +2 dagger (weapon)
Missiles
 d - 11 poisoned darts (quivered)
Armour
 b - a +0 robe (worn)
 c - a +0 cloak (worn)
Jewellery
 i - a ring of positive energy (left hand)
 p - a +5 ring of evasion
Scrolls
 m - a scroll of immolation {unknown}
 n - a scroll of noise {unknown}
 o - 2 scrolls of teleportation {unknown}
Potions
 f - a potion of haste {unknown}
 g - 2 potions of mutation {unknown}
 h - 2 potions of lignification {unknown}
 j - a potion of heal wounds {unknown}
 k - a potion of curing {unknown}
 l - a potion of attraction {unknown}


   Skills:
 + Level 2.1 Fighting
 + Level 2.1 Short Blades
 + Level 2.2 Throwing
 + Level 1.3 Dodging
 + Level 5.2 Stealth


You had 2 spell levels left.
You didn't know any spells.
Your spell library contained the following spells:

 Spells                   Type           Power      Damage    Failure   Level
 Kiss of Death            Conj/Necr      0%         2d5       34%         1
 Shock                    Conj/Air       0%         1d3       34%         1
 Confusing Touch          Hex            0%         N/A       71%         3
 Swiftness                Air            0%         N/A       71%         3
 Airstrike                Air            0%         2d(0-16)  98%         4
 Dispel Undead            Necr           0%         3d6       98%         4


Dungeon Overview and Level Annotations

Branches:
Dungeon (2/15)

Altars:

Annotations:
D:2 Robin


Innate Abilities, Weirdness & Mutations

You have extremely sharp teeth.
When hurt, damage is shared between your health and your magic reserves.
Your bite disrupts and absorbs the magic of your enemies.
Potions cannot restore your health.


Message History

Items here: ))) †††.
You barely miss the goblin. Your bite misses the goblin.
A goblin comes into view. It is wielding a +0 club.
The goblin shouts!
You hit the goblin but do no damage. Your bite misses the goblin.
The goblin misses you. The goblin hits you with a +0 club.
* * * LOW HITPOINT WARNING * * *
The goblin attacks as you move away! The goblin hits you with a +0 club.
* * * LOW HITPOINT WARNING * * *
Throw: 3 darts (curare)
Press: ? - help, Shift-Dir - straight line, f - goblin
Aim: a goblin, wielding a +0 club (55% to hit)
You throw a curare-tipped dart. The curare-tipped dart hits the goblin.
The goblin is poisoned.
The goblin convulses.
You kill the goblin!
Throw: 2 darts (curare)
Press: ? - help, Shift-Dir - straight line, f - goblin
Aim: a goblin, wielding a +0 club (55% to hit)
You throw a curare-tipped dart.
The curare-tipped dart barely misses the goblin.
The goblin hits you but does no damage.
You hit the goblin. Your bite misses the goblin.
The goblin is moderately wounded.
You hit the goblin.
You kill the goblin!
You closely miss the goblin. You punch the goblin.
The goblin is moderately wounded.
The goblin hits you with a +0 club.
* * * LOW HITPOINT WARNING * * *
Throw: dart (curare)
Press: ? - help, Shift-Dir - straight line, f - goblin
Aim: a goblin, wielding a +0 club (moderately wounded, 55% to hit)
You throw a curare-tipped dart.
The curare-tipped dart barely misses the goblin.
The curare-tipped dart hits the goblin.
The goblin is poisoned.
The goblin convulses.
You kill the goblin!
The goblin hits you with a +0 club.
You die...

#.###.# #.....#
#####.# #.# #.#
##### #.# #...#
#.####...###
..###.##.......#####
...........†....@g(#
..#............###g#
##...###...### #.#
##.## #...# #g# #.#
##### ###g##### #.#
#ggg....# #+#
#.#g###.# #...#
#.g.#


You could see 2 goblins.

Vanquished Creatures
  A dart slug (D:1)
  5 endoplasms
  3 giant cockroaches (D:1)
  4 hobgoblins
  3 kobolds (D:1)
  A quokka (D:2)
  2 ball pythons
  4 bats
  2 frilled lizards (D:1)
  7 goblins (D:2)
  2 rats
34 creatures vanquished.

Notes
Turn   | Place    | Note
-------+----------+-------------------------------------------
     0 | D:1      | Zonian the Vine Stalker Brigand began the quest for the
                  | Orb.
     0 | D:1      | Reached XP level 1. HP: 11/11 MP: 2/2
   302 | D:1      | Reached skill level 1 in Dodging
   302 | D:1      | Reached XP level 2. HP: 12/15 MP: 3/3
   322 | D:1      | Reached skill level 5 in Stealth
  1127 | D:1      | Reached XP level 3. HP: 18/18 MP: 4/4
  1412 | D:2      | Noticed Robin
  1444 | D:2      | Slain by a goblin

Illustrated notes

Levels and vault maps discovered:
D:1:      lemuel_arrival_behind_the_door_large, layout_basic, minmay_tripent
D:2:      layout_loops_corners, minmay_fountain_box, feat_on_display,
          uniq_robin, uniq_natasha

Skill      XL: |  1  2 |
---------------+-------+-----
Dodging        | 1 |  1.3
Stealth        | 5 |  5.2
Fighting       | 2 |  2.1
Short Blades   | 2 |  2.1
Throwing       | 2 |  2.2

Action                     || total
---------------------------++-------
  Melee: Dagger            ||    82
         Bite              ||    22
         Punch             ||     1
  Throw: Dart              ||     3
   Stab: Sleeping          ||     6
 Armour: Robe              ||    25
  Dodge: Dodged            ||    31

Table legend: (Time is in decaauts)
 A = Elapsed time spent in this place.
 B = Non-inter-level travel time spent in this place.
 C = Inter-level travel time spent in this place.
 D = Time resting spent in this place.
 E = Time spent auto-exploring this place.
 F = Levels seen in this place.
 G = Mean time per level.
                   A        B        C        D        E       F      G
               +--------+--------+--------+--------+--------+-----+--------+
         Total |   1434 |   1414 |     20 |    331 |    850 |   2 |  717.0 |
       Dungeon |   1434 |   1414 |     20 |    331 |    850 |   2 |  717.0 |
               +--------+--------+--------+--------+--------+-----+--------+

Top non-repeatable levels by time:
     D:1: 1222 daAuts
     D:2: 212 daAuts
